 Dungeon Crawl Stone Soup version 0.16-a0-3476-g5f3739d (webtiles) character file.

112 Sientara the Charlatan (level 5, -2/29 HPs)
             Began as a Kobold Artificer on Jan 10, 2015.
             Slain by a centaur (5 damage)
             ... on level 4 of the Dungeon.
             The game lasted 00:07:52 (3427 turns).

Sientara the Charlatan (Kobold Artificer)           Turns: 3427, Time: 00:07:52

Health: -2/29      AC:  4    Str:  9    XL:     5   Next: 16%
Magic:  9/9        EV: 15    Int: 10    God:
Gold:   130        SH:  0    Dex: 18    Spells: 0 memorised, 4 levels left

rFire  . . .     SeeInvis .     a - +0 short sword
rCold  . . .     Clarity  .     e - +0 leather armour
rNeg   . . .     SustAb   .     (no shield)
rPois  .         Gourm    .     (no helmet)
rElec  .         Spirit   .     (no cloak)
rCorr  .         Warding  .     v - +0 pair of gloves
rMut   .         Stasis   .     (no boots)
MR     .....                    (no amulet)
Stlth  +++.......               (no ring)
                                (no ring)

@: not resistant to hostile enchantments, fairly stealthy
A: carnivore 3
a: no special abilities


You were on level 4 of the Dungeon.
You were very full.

You visited 1 branch of the dungeon, and saw 4 of its levels.

You collected 130 gold pieces.

Inventory:

Hand weapons
 a - a +0 short sword (weapon)
Missiles
 h - 2 tomahawks (quivered)
Armour
 e - a +0 leather armour (worn)
 v - a +0 pair of gloves (worn)
Magical devices
 b - a wand of flame (15)
 c - a wand of enslavement (15)
 d - a wand of random effects (29)
Scrolls
 i - a scroll of identify
 j - a scroll of noise {unknown}
 k - a scroll of recharging
 l - a scroll of fog {unknown}
 m - a scroll of enchant weapon {unknown}
 n - a scroll of fear
 p - a scroll of teleportation {unknown}
 s - a scroll of remove curse
 w - a scroll of amnesia {unknown}
 x - a scroll of blinking {unknown}
Potions
 g - a potion of brilliance
 q - a potion of might
 u - a potion of heal wounds {unknown}
 z - a potion of berserk rage {unknown}
Books
 t - a book of Debilitation

   Spells                             Type                      Level
   a - Corona                         Hexes                        1
   b - Slow                           Hexes                        2
   c - Inner Flame                    Hexes/Fire                   3
   d - Enslavement                    Hexes                        4
   e - Cause Fear                     Hexes                        4
   f - Leda's Liquefaction            Hexes/Earth                  4
Comestibles
 f - 4 meat rations
 o - a beef jerky
 A - a royal jelly


   Skills:
 - Level 1.1 Fighting
 + Level 3.1 Short Blades
 + Level 3.3 Dodging
 + Level 3.4 Stealth
 + Level 4.9 Evocations


You had 4 spell levels left.
You didn't know any spells.

Dungeon Overview and Level Annotations

Branches:
Dungeon (4/15)
 Temple: D:4-7

Altars:


Innate Abilities, Weirdness & Mutations

You are small and have problems with some larger weapons.
You are carnivorous and can eat meat at any time.


Message History

The centaur hits you but does no damage. x2
You hit the centaur but do no damage.
The centaur is heavily wounded.
The centaur closely misses you.
You hit the centaur.
The centaur is heavily wounded.
The centaur barely misses you. The centaur closely misses you.
You hit the centaur.
The centaur is severely wounded.
The centaur hits you.
Huge Dmg: -21%(-6hp) hp: 35%(10hp)
You hit the centaur but do no damage.
The centaur is severely wounded.
The centaur hits you!
* * * LOW HITPOINT WARNING * * *
Huge Dmg: -24%(-7hp) hp: 11%(3hp) Drink which item? (? for menu, Esc to quit)
It was a potion of magic.
Magic courses through your body. The centaur closely misses you.
The centaur hits you.
You die...

#. #. #.
#.####
####....#
...(...#<#
#...###.#
#......#
#@#####.#
#c# #K#
#g# ..#
... ..#
#=.# ...


You could see a centaur, a goblin and a kobold.

Vanquished Creatures
  7 adders
  3 giant geckos
  An ooze (D:1)
  2 orcs (D:3)
  A ball python (D:2)
  4 giant cockroaches
  5 hobgoblins
  A quokka (D:2)
  6 bats
  3 giant newts (D:1)
  3 goblins
  3 kobolds
  3 rats
42 creatures vanquished.

Notes
Turn   | Place    | Note
--------------------------------------------------------------
     0 | D:1      | Sientara, the Kobold Artificer, began the quest for the Orb.
     0 | D:1      | Reached XP level 1. HP: 12/12 MP: 1/1
   471 | D:1      | Huge Dmg: 3 dmg
   472 | D:1      | Huge Dmg: 4 dmg
   700 | D:1      | Huge Dmg: 3 dmg
   701 | D:1      | Reached XP level 2. HP: 10/16 MP: 3/3
   944 | D:1      | Reached skill level 4 in Evocations
  1114 | D:1      | Huge Dmg: 3 dmg
  1567 | D:2      | Reached XP level 3. HP: 18/20 MP: 5/5
  1678 | D:2      | Huge Dmg: 3 dmg
  1679 | D:2      | Huge Dmg: 3 dmg
  1894 | D:2      | Huge Dmg: 5 dmg
  2336 | D:3      | Reached XP level 4. HP: 25/25 MP: 7/7
  2520 | D:3      | Huge Dmg: 5 dmg
  2814 | D:3      | Reached XP level 5. HP: 25/29 MP: 9/9
  2878 | D:3      | Huge Dmg: 6 dmg
  3407 | D:4      | Noticed a centaur
  3416 | D:4      | Huge Dmg: 5 dmg
  3426 | D:4      | Huge Dmg: 6 dmg
  3427 | D:4      | Huge Dmg: 7 dmg
  3427 | D:4      | Slain by a centaur

Action                   |  1- 3 |  4- 6 || total
-------------------------+-------+-------++-------
Melee: Short sword       |   108 |    96 ||   204
  Use: Scroll            |       |     5 ||     5
       Potion            |       |     1 ||     1
 Stab: Sleeping          |     4 |     4 ||     8
  Eat: Chunk             |    12 |     2 ||    14
